 Dungeon Crawl Stone Soup version 0.28-a0-1518-gbe868bca14 (webtiles) character file.

Game seed: 13537136140249544556

3434 Nattfarinn the Thaumaturge (level 10, -1/75 HPs)
             Began as a Djinni Gladiator on Jan 17, 2022.
             Was a Follower of Okawaru.
             Slain by an orc warrior (12 damage)
             ... on level 7 of the Dungeon.
             The game lasted 00:15:57 (6853 turns).

Nattfarinn the Thaumaturge (Djinni Gladiator)       Turns: 6853, Time: 00:15:58

Health: -1/75      AC:  7    Str: 16 (17) XL:     10   Next: 25%
Gold:   552        EV: 13    Int:  6 (9)  God:    Okawaru [*.....] SH:  0 Dex: 19 (22)

rFire   + + +      SeeInvis .   p - +6 rapier "Haill" {vorpal, Fly rF+}
rCold   x . .      Faith    .   (no shield)
rNeg    . . .      Spirit   .   u - +3 leather armour of Gauphawo {rF+}
rPois   ∞          Reflect  .   c - +0 helmet
rElec   .          Harm     .   (no cloak)
rCorr   .          Rampage  .   (no gloves)
Will    +....                   (boots unavailable)
Stlth   +.........              f - amulet of regeneration
HPRegen 1.02/turn               t - +6 ring of dexterity
MPRegen 0.00/turn               r - ring of wizardry

@: flying
A: sickness immunity, fire resistance 2, cold vulnerability 1, float, innate
caster, hp casting, extra vitality 1
a: Renounce Religion, Heroism


You were on level 7 of the Dungeon.
You worshipped Okawaru.
Okawaru was aware of your devotion.
You visited 2 branches of the dungeon, and saw 8 of its levels.
You also visited: Ossuary.

You collected 552 gold pieces.

Inventory:

Hand Weapons
 a - a +0 long sword
 p - the +6 rapier "Haill" (weapon) {vorpal, Fly rF+}
   (You found it on level 3 of the Dungeon)

   It inflicts extra damage upon your enemies.
   rF:        It protects you from fire.
   Fly:       It grants you flight.
Missiles
 d - 3 throwing nets
Armour
 b - a +0 leather armour
 c - a +0 helmet (worn)
 u - the +3 leather armour of Gauphawo (worn) {rF+}
   (You found it on level 5 of the Dungeon)

   rF:        It protects you from fire.
Jewellery
 f - an amulet of regeneration (around neck)
 r - a ring of wizardry (right hand)
 t - a +6 ring of dexterity (left hand)
 w - a +6 ring of intelligence
Scrolls
 j - 2 scrolls of identify
 v - a scroll of noise {unknown}
Potions
 e - 3 potions of degeneration
 h - 3 potions of attraction {unknown}
 i - 8 potions of curing
 k - 2 potions of brilliance {unknown}
 l - 2 potions of lignification {unknown}
 m - 2 potions of flight {unknown}
 n - 3 potions of magic {unknown}
 o - 3 potions of cancellation {unknown}
 q - a potion of might {unknown}
 s - 3 potions of heal wounds {unknown}
 x - a potion of mutation {unknown}


   Skills:
 - Level 7.1 Fighting
 - Level 5.1 Long Blades
 - Level 1.5 Throwing
 * Level 3.4 Armour
 - Level 3.2 Dodging
 - Level 8.1 Spellcasting


You had 17 spell levels left.
You knew the following spells:

 Your Spells              Type           Power      Damage    Failure   Level
a - Freeze                Ice            48%        1d7       1%          1
b - Wereblood             Tmut           12%        N/A       1%          2
c - Poisonous Vapours     Pois/Air       24%        N/A       1%          2
d - Spider Form           Tmut/Pois      12%        N/A       1%          3
Your spell library was empty.

Dungeon Overview and Level Annotations

Branches:
Dungeon (7/15)             Temple (1/1) D:4         Ossuary (visited)

Altars:
Ashenzari
Cheibriados
Dithmenos
Elyvilon
Fedhas
Gozag
Hepliaklqana
Kikubaaqudgha
Makhleb
Nemelex Xobeh
Okawaru
Qazlal
Ru
Sif Muna
Trog
Uskayaw
Vehumet
Wu Jian
Xom
Yredelemnul
Zin
The Shining One

Shops:
D:4 (=[


Innate Abilities, Weirdness & Mutations

You are immune to sickness and miasma.
You are immune to poison.
Your flesh is very heat resistant. (rF++)
You are vulnerable to cold. (rC-)
You float through the air rather than walking.
You learn spells naturally, not from books.
Your magical power is your life essence.
You have superior vitality. (+4 MHP)


Message History

You barely miss something.
You hear some strange, mumbled words.
You are confused.
You bump into the rock wall.
You hear some strange, mumbled words.
A magic dart appears from out of thin air!
The magic dart hits you.
You miss something. Something hits you but does no damage.
You hear some strange, mumbled words.
A magic dart appears from out of thin air!
The magic dart hits you.
You're too confused to move!
You feel less confused.
You hit something. Something hits you but does no damage.
The orc warrior misses you.
You barely miss something.
The orc warrior hits you from afar with a +0 trident.
Something hits you but does no damage. The orc warrior misses you.
You closely miss something.
The orc warrior hits you from afar with a +0 trident.
Something hits you. The orc warrior barely misses you.
The orc warrior hits you from afar with a +0 trident!!
* * * LOW HITPOINT WARNING * * *
Okay, then.
As you read the scroll of fear, it crumbles to dust.
You assume a fearsome visage.
The orc warrior looks frightened!
The orc looks frightened!
The orc warrior looks frightened!
The orc looks frightened!
Cornered, the orc warrior turns to fight!
The orc warrior misses you.
You hit the orc warrior.
The orc warrior is lightly wounded.
The orc warrior hits you with a +0 war axe!
* * * LOW HITPOINT WARNING * * *
You feel better. The orc warrior closely misses you.
It was a potion of degeneration.
There was something very wrong with that liquid.
You feel weakened.
You feel dopey.
You feel clumsy.
The orc warrior hits you with a +0 war axe!
You die...

...##..#######
#......###
.......
#......#
.......
##.....#
....))#### ###
#.....#
......)..####.#
####.##
.......o.o....#
#.#
########.####.#
#.# #.# #o# #.#
#.# #@# #.# #.#
#.# #.# #.# #.#
#.# #.# #.# #.#
#.# #.# #.#
#{#######.#
#.........#
###########


You could see an orc warrior.

Vanquished Creatures
  A wyvern (D:6)
  6 yaks
  Menkaure (D:7)
  A black bear (D:6)
  3 ice beasts
  An orc warrior (D:7)
  2 ogres
  2 sky beasts
  A centaur (D:7)
  A phantom (D:4)
  3 bullfrogs
  A scorpion (D:4)
  A ballistomycete (D:4)
  3 howler monkeys (D:7)
  A bullfrog zombie (D:6)
  5 hounds
  A centaur zombie (D:6)
  2 orc priests (D:5)
  2 gnoll shamans
  An iguana (D:7)
  Natasha (thrice) (D:3)
  4 orc wizards
  8 mummies (Ossuary)
  A howler monkey skeleton (D:6)
  10 gnolls
  8 adders
  A shadow imp (D:7)
  A white imp (D:5)
  An adder zombie (D:5)
  2 worms
  2 dart slugs
  17 orcs
  8 endoplasms
  5 giant cockroaches
  7 goblins
  6 hobgoblins
  3 jackals (D:2)
  3 quokkas
  5 ball pythons
  5 bats
  3 frilled lizards
  A gnoll zombie (Ossuary)
  5 hobgoblin zombies (Ossuary)
  4 kobolds
  A kobold zombie (Ossuary)
  An orc zombie (Ossuary)
  10 rats
164 creatures vanquished.

Vanquished Creatures (others)
  A ballistomycete spore (D:4)
  26 plants (D:4)
27 creatures vanquished.

Grand Total: 191 creatures vanquished

Notes
Turn   | Place    | Note
-------+----------+-------------------------------------------
     0 | D:1      | Nattfarinn the Djinni Gladiator began the quest for the
                  | Orb.
     0 | D:1      | Reached XP level 1. HP: 18/18 MP: 0/0
   156 | D:1      | Reached XP level 2. HP: 24/24 MP: 0/0
   574 | D:1      | Reached XP level 3. HP: 29/29 MP: 0/0
   574 | D:1      | Learned a level 1 spell: Freeze
  1102 | D:1      | Found a faded altar of an unknown god.
  1405 | D:2      | Reached XP level 4. HP: 15/35 MP: 0/0
  2115 | D:3      | Identified the +6 rapier "Haill" {vorpal, Fly rF+}
  2244 | D:3      | Noticed Natasha
  2289 | D:3      | Killed Natasha
  2538 | D:3      | Noticed Natasha
  2540 | D:3      | Killed Natasha
  2541 | D:3      | Reached XP level 5. HP: 41/41 MP: 0/0
  2541 | D:3      | Learned a level 2 spell: Wereblood
  2605 | D:3      | Noticed Natasha
  2611 | D:3      | Killed Natasha
  2747 | D:4      | Found Oxoh's Jewellery Shop.
  2760 | D:4      | Noticed an ogre
  2876 | D:3      | Identified a scroll of acquirement
  2876 | D:3      | Acquired an amulet of regeneration
  3112 | D:4      | Found Appib's Weapon Shoppe.
  3152 | D:4      | Reached XP level 6. HP: 49/49 MP: 0/0
  3160 | D:4      | Reached skill level 5 in Fighting
  3251 | D:4      | Found Mashreom's Antique Armour Emporium.
  3364 | D:4      | Found a staircase to the Ecumenical Temple.
  3364 | D:4      | Noticed a yak
  3364 | D:4      | Noticed a yak
  3364 | D:4      | Noticed a yak
  3364 | D:4      | Noticed a yak
  3364 | D:4      | Noticed a yak
  3364 | D:4      | Noticed a yak
  3391 | D:3      | Killed a yak
  3392 | D:3      | Reached XP level 7. HP: 26/56 MP: 0/0
  3392 | D:3      | Learned a level 2 spell: Poisonous Vapours
  3683 | D:5      | Entered Level 5 of the Dungeon
  3691 | D:5      | Killed a yak
  3765 | D:5      | Reached skill level 5 in Long Blades
  3769 | D:5      | Reached XP level 8. HP: 64/64 MP: 0/0
  3815 | D:5      | Reached skill level 1 in Spellcasting
  4078 | D:5      | Reached skill level 2 in Spellcasting
  4138 | D:5      | Found a sparkling altar of Nemelex Xobeh.
  4160 | D:5      | Identified the +3 leather armour of Gauphawo {rF+}
  4545 | D:4      | Killed a yak
  4546 | D:4      | Reached skill level 3 in Spellcasting
  4580 | D:4      | Reached skill level 4 in Spellcasting
  4617 | D:4      | Killed a yak
  4618 | D:4      | Reached XP level 9. HP: 44/68 MP: 0/0
  4618 | D:4      | Learned a level 3 spell: Spider Form
  4628 | D:5      | Reached skill level 5 in Spellcasting
  4753 | D:4      | Noticed a wandering mushroom
  4753 | D:4      | an oklob sapling changed into a wandering mushroom
  4758 | D:4      | Noticed an oklob plant
  4758 | D:4      | a wandering mushroom changed into an oklob plant
  4759 | D:4      | an oklob plant changed into a ballistomycete
  4900 | Temple   | Entered the Ecumenical Temple
  4976 | Temple   | Became a worshipper of Warmaster Okawaru
  5113 | D:6      | Reached skill level 6 in Spellcasting
  5280 | D:6      | Reached skill level 7 in Spellcasting
  5326 | D:6      | Found a sand-covered staircase.
  5334 | Ossuary  | Entered an ossuary
  5349 | Ossuary  | Reached * piety under Okawaru
  6417 | D:7      | Noticed a two-headed ogre
  6428 | D:7      | Reached XP level 10. HP: 57/75 MP: 0/0
  6668 | D:7      | Reached skill level 8 in Spellcasting
  6678 | D:7      | Noticed Menkaure
  6685 | D:7      | Killed Menkaure
  6686 | D:7      | Reached skill level 1 in Armour
  6851 | D:7      | HP: 3/75 [orc warrior (17)]
  6853 | D:7      | Slain by an orc warrior

Illustrated notes

Levels and vault maps discovered:
D:1:      dpeg_arrival_ratfight, layout_loops_ring,
          shapermc_ecumenical_altar_hornbeckon
D:2:      layout_rooms
D:3:      layout_basic, uniq_natasha
D:4:      layout_cave_pools, minmay_temple_entry_oklob, serial_shops,
          nicolae_shop_bloodbath_and_beyond, shop, nicolae_stop_n_shop_2
D:5:      layout_gridville, old_standard_altar, kennysheep_decorative_pillar
D:6:      layout_basic, lightli_ossuary_entry_decrepit_ruins,
          minmay_misc_feat_plants
D:7:      layout_basic, uniq_menkaure
Temple:   grunt_wide_crystal_templ

Skill      XL: |  1  2  3  4  5  6  7  8  9 10 |
---------------+-------------------------------+-----
Long Blades    | 3 4 5 |  5.1
Fighting       | 3 4 6 7 |  7.1
Spellcasting   | 4 7 8 |  8.1
Armour         | 3 |  3.4
Throwing       | |  1.5
Dodging        | |  3.2

Action                   |  1- 3 |  4- 6 |  7- 9 | 10-12 || total
-------------------------+-------+-------+-------+-------++-------
Melee: Long sword        |   106 |    22 |       |       ||   128
       Punch             |     1 |       |     5 |     1 ||     7
       Unarmed           |       |     8 |       |       ||     8
       Rapier            |       |    59 |   230 |    58 ||   347
 Cast: Freeze            |     1 |       |       |       ||     1
       Poisonous Vapours |       |       |    12 |    21 ||    33
       Spider Form       |       |       |     1 |       ||     1
Evoke: Wand              |       |       |     7 |       ||     7
  Use: Scroll            |       |     6 |     6 |     2 ||    14
       Potion            |       |       |       |     2 ||     2
 Stab: Sleeping          |     1 |       |     2 |       ||     3
Armor: Leather armour    |    36 |    16 |    65 |    16 ||   133
Dodge: Dodged            |    54 |    46 |   153 |    38 ||   291

Table legend: (Time is in decaauts)
 A = Elapsed time spent in this place.
 B = Non-inter-level travel time spent in this place.
 C = Inter-level travel time spent in this place.
 D = Time resting spent in this place.
 E = Time spent auto-exploring this place.
 F = Levels seen in this place.
 G = Mean time per level.
                   A        B        C        D        E       F      G
               +--------+--------+--------+--------+--------+-----+--------+
         Total |   6908 |   6190 |    718 |    431 |   4358 |   9 |  767.6 |
       Dungeon |   6541 |   5860 |    681 |    431 |   4140 |   7 |  934.4 |
        Temple |     89 |     52 |     37 |      0 |     35 |   1 |   89.0 |
       Ossuary |    277 |    277 |      0 |      0 |    183 |   1 |  277.0 |
               +--------+--------+--------+--------+--------+-----+--------+

Top non-repeatable levels by time:
     D:3: 1291 daAuts
     D:1: 1242 daAuts
     D:6: 1125 daAuts
     D:4: 905 daAuts
     D:5: 901 daAuts
     D:2: 725 daAuts
     D:7: 347 daAuts
 Ossuary: 277 daAuts
  Temple: 89 daAuts
